AoeStats
← roraven1510

Arabia

509802057Analyzed
1v1 RM · 5d ago on Sep 28, 2026· 54m 31s· 2 players
Game mode
Random Map
Map size
Tiny (2 player)
Population
200
Speed
Normal
Resources
Standard
Victory
Conquest
Starting age
Dark Age
Ending age
Imperial Age
RankedLock teamsTeams togetherTeam positionsShared explorationLock speedFull tech treeHidden civsTurbo modeCheats
Victory
Defeat
🇺🇸 Persians · United States
1020
+16
🇨🇱 Vikings · Chile
1019
-16
Sunstraker
5:57 Loom
9:59 Feudal Age
10:51 Double-Bit Axe
13:11 Man-at-Arms
17:53 Horse Collar
19:56 Arson
25:54 Castle Age
23:55 Scale Mail Armor
24:30 Gold Mining
26:08 Pikeman
27:07 Long Swordsman
31:51 Heavy Plow
34:00 Squires
38:18 Chain Mail Armor
44:31 Imperial Age
43:46 Forging
45:59 Plate Mail Armor
47:01 Two-Handed Swordsman
51:02 Iron Casting
54:11 Blast Furnace
52:43 Elite Varangian Guard
54:09 Chieftains
roraven1510
3:21 Loom
9:57 Feudal Age
13:39 Scale Barding Armor
20:59 Castle Age
19:54 Bloodlines
19:50 Double-Bit Axe
20:43 Forging
25:04 Chain Barding Armor
31:30 Gold Mining
33:08 Bow Saw
33:51 Wheelbarrow
38:08 Imperial Age
37:04 Iron Casting
36:48 Stone Mining
38:04 Horse Collar
39:02 Heavy Plow
40:48 Chemistry
43:02 Cavalier
44:19 Padded Archer Armor
44:12 Fletching
46:29 Plate Barding Armor
46:07 Bodkin Arrow
47:46 Savar
50:53 Blast Furnace
50:49 Hand Cart
51:55 Gold Shaft Mining
51:56 Stone Shaft Mining
52:51 Conscription
52:51 Padded Archer Armor
Connection lost

Rejoining the realm…

Still unreachable

The connection could not be restored.

Session expired

The server has moved on; the page needs a fresh start.